 Dungeon Sprint DCSS version 0.32-a0-918-g0f22ef8d61 (webtiles) character file.

Game seed: 4187933340937329475

2602 Griffin23 the Fencer (level 9, -12/93 HPs)
             Began as a Minotaur Berserker on Apr 12, 2024.
             Was a High Priest of Trog.
             Mangled by a redback (14 damage)
             ... in the Dungeon (Sprint III: "The Ten Rune Challenge").
             The game lasted 00:03:59 (1229 turns).

Griffin23 the Fencer (Minotaur Berserker)           Turns: 1229, Time: 00:03:59

Health: -12/93     AC:  4    Str: 27    XL:     9   Next: 33%
Magic:  8/8        EV: 11    Int:  4    God:    Trog [*****.]
Gold:   0          SH:  0    Dex:  9    Spells: 8/8 levels left

rFire   . . .        l - +0 great sword
rCold   . . .        (shield currently unavailable)
rNeg    . . .        b - +1 animal skin
rPois   .            (helmet restricted)
rElec   .            (no cloak)
rCorr   .            (no gloves)
SInv    .            (no boots)
Will    .....        (no amulet)
Stlth   +            (no ring)
HPRegen 0.35/turn    (no ring)
MPRegen 0.11/turn

%: no teleportation
@: lethally poisoned (-12 -> -14), on berserk cooldown, hasted and slowed
A: horns 2, retaliatory headbutt
a: Renounce Religion, Berserk, Trog's Hand, Brothers in Arms


You were in the Dungeon.
You worshipped Trog.
Trog was extremely pleased with you.
You visited 1 branch

Inventory:

Hand Weapons
 a - a +0 falchion
 k - a +3 long sword of holy wrath
 l - a +0 great sword (weapon)
Armour
 b - a +1 animal skin (worn)
Wands
 c - a wand of mindburst (16)
 m - a wand of roots (7)
Scrolls
 j - a scroll of brand weapon {unknown}
Potions
 f - 2 potions of magic
 g - a potion of berserk rage


   Skills:
 + Level 13.4 Fighting
 * Level 18.1 Long Blades
 + Level 13.1 Armour
 - Level 2.1 Dodging


You had 8 spell levels left.
You didn't know any spells.
Your spell library was empty.

Dungeon Overview and Level Annotations

Branches:
Dungeon (1/1)

Altars:
Cheibriados
Dithmenos
Elyvilon
Fedhas
Gozag
Hepliaklqana
Kikubaaqudgha
Makhleb
Nemelex Xobeh
Okawaru
Qazlal
Ru
Sif Muna
Trog
Uskayaw
Vehumet
Wu Jian
Xom
Yredelemnul
Zin
The Shining One
Beogh
Jiyva
Lugonu


Innate Abilities, Weirdness & Mutations

You have a pair of horns on your head.
You reflexively headbutt those who attack you in melee.


Message History

Press: ? - help, Dir - move target
As you read the scroll of blinking, it crumbles to dust.
You feel extremely sick.
You feel extremely sick. The redback closely misses you.
Things that are here:
a +0 giant club; a +0 giant spiked club; a two-headed ogre corpse You feel extremely sick.
The redback bites you.
You feel very sick. The redback bites you!
* * * LOW HITPOINT WARNING * * *
The redback bites you!
* * * LOW HITPOINT WARNING * * *
Okay, then.
You feel much better.
You feel very sick. The redback completely misses you. The redback bites you!
* * * LOW HITPOINT WARNING * * *
You feel much better.
You feel very sick. The redback bites you!
* * * LOW HITPOINT WARNING * * *
The redback bites you!
* * * LOW HITPOINT WARNING * * *
The redback bites you.
* * * LOW HITPOINT WARNING * * *
Okay, then.
Okay, then.
As you read the scroll labelled EGUFFY XUXZONU, it crumbles to dust.
It is a scroll of enchant armour.
Your +0 animal skin glows green for a moment.
You feel sick. The redback bites you!
* * * LOW HITPOINT WARNING * * *
The redback bites you but does no damage.
Unknown command.
You feel yourself speed up.
* * * LOW HITPOINT WARNING * * *
You feel sick. The redback bites you!
You die...

__)#._# '###[## ......#
......# #####'#
__#...#+##############
__#...#....#.#.#.....#
__#...##.#).#.##s###§#
__#...'##)#.#.##@#.)##
__'...#...#..#..##..'......
▓▓▓▓▓▓▓▓▓▓▓▓▓▓▓▓▓▓▓▓#^.....
...^^. ^.^s. ..... ####


You could see a redback.

Vanquished Creatures
  Erolcha (D)
  A deep elf pyromancer (D)
  A shadow (D)
  A spatial vortex (D)
  5 two-headed ogres (D)
  A weeping skull (D)
  A water elemental (D)
  A wight (D)
  A burial acolyte (D)
  A jelly (D)
  Jessica (D)
  A kobold demonologist (D)
  3 humans (D)
  A wolf (D)
  An endoplasm (D)
  2 rats (D)
23 creatures vanquished.

Notes
Turn   | Place    | Note
-------+----------+-------------------------------------------
     0 | D        | Griffin23 the Minotaur Berserker began the quest for the
                  | Orb.
     0 | D        | Reached XP level 1. HP: 19/19 MP: 0/0
     5 | D        | Reached skill level 4 in Long Blades
    12 | D        | Noticed Jessica
    19 | D        | Killed Jessica
    19 | D        | Reached ** piety under Trog
    20 | D        | Reached skill level 5 in Fighting
    20 | D        | Reached skill level 6 in Long Blades
    20 | D        | Reached XP level 2. HP: 23/29 MP: 1/1
    21 | D        | Reached XP level 3. HP: 29/36 MP: 2/2
   117 | D        | Reached skill level 7 in Long Blades
   117 | D        | Reached skill level 5 in Armour
   125 | D        | Noticed a water elemental
   130 | D        | Killed a water elemental
   130 | D        | Reached *** piety under Trog
   131 | D        | Reached skill level 8 in Long Blades
   131 | D        | Reached XP level 4. HP: 43/45 MP: 3/3
   185 | D        | Found a glowing silver altar of Zin.
   185 | D        | Found a glowing golden altar of the Shining One.
   185 | D        | Found a white marble altar of Elyvilon.
   187 | D        | Noticed a deep elf pyromancer
   189 | D        | Noticed a fire elemental
   189 | D        | Noticed a fire elemental
   193 | D        | Killed a deep elf pyromancer
   194 | D        | Reached skill level 13 in Long Blades
   194 | D        | Reached XP level 5. HP: 35/58 MP: 4/4
   194 | D        | Reached XP level 6. HP: 40/66 MP: 5/5
   419 | D        | Found a hide-covered altar of Uskayaw.
   419 | D        | Found a roughly hewn altar of Beogh.
   419 | D        | Found an iron altar of Okawaru.
   419 | D        | Found a bloodstained altar of Trog.
   419 | D        | Found an ornate altar of the Wu Jian Council.
   419 | D        | Noticed a human
   419 | D        | Noticed a human
   425 | D        | Killed a human
   426 | D        | Reached skill level 10 in Fighting
   426 | D        | Reached XP level 7. HP: 72/72 MP: 6/6
   431 | D        | Killed a human
   431 | D        | Reached **** piety under Trog
   432 | D        | Reached skill level 14 in Long Blades
   432 | D        | Reached skill level 10 in Armour
   481 | D        | Found a basalt altar of Yredelemnul.
   481 | D        | Found a shadowy altar of Dithmenos.
   481 | D        | Found a sacrificial altar of Ru.
   535 | D        | Found a radiant altar of Vehumet.
   535 | D        | Found a shimmering blue altar of Sif Muna.
   535 | D        | Found an ancient bone altar of Kikubaaqudgha.
   540 | D        | Noticed an orange demon
   545 | D        | Noticed a hellwing
   551 | D        | Noticed a rust devil
   710 | D        | Noticed a shadow
   720 | D        | Killed a shadow
   720 | D        | Reached ***** piety under Trog
   721 | D        | Reached skill level 15 in Long Blades
   721 | D        | Reached XP level 8. HP: 47/82 MP: 7/7
   971 | D        | Found a blossoming altar of Fedhas.
   971 | D        | Found a stormy altar of Qazlal.
   971 | D        | Found a snail-covered altar of Cheibriados.
   971 | D        | Found a burning altar of Makhleb.
   971 | D        | Found a shimmering altar of Xom.
   972 | D        | Found a hazy altar of Hepliaklqana.
   972 | D        | Found an opulent altar of Gozag.
   972 | D        | Found a sparkling altar of Nemelex Xobeh.
   972 | D        | Found a corrupted altar of Lugonu.
   972 | D        | Found a viscous altar of Jiyva.
  1018 | D        | Reached skill level 16 in Long Blades
  1167 | D        | Noticed a two-headed ogre
  1174 | D        | Killed a two-headed ogre
  1180 | D        | Noticed Erolcha
  1206 | D        | Noticed a two-headed ogre
  1211 | D        | Killed Erolcha
  1212 | D        | Reached skill level 17 in Long Blades
  1212 | D        | Reached XP level 9. HP: 93/93 MP: 8/8
  1213 | D        | Killed a two-headed ogre
  1214 | D        | Reached skill level 18 in Long Blades
  1228 | D        | HP: 3/93 [redback (7)]
  1229 | D        | Mangled by a redback

Illustrated notes

Levels and vault maps discovered:
D:        dungeon_sprint_mu [sprint_mu_entry_forest, sprint_mu_temple_rooms,
          sprint_mu_d1_spiders, sprint_mu_d2_genie, sprint_mu_d3_branching,
          sprint_mu_orc_legion, sprint_mu_elf_gauntlet, sprint_mu_hive_nellie,
          sprint_mu_lair_fedhas, sprint_mu_vaults_butterflies,
          sprint_mu_slime_circle, sprint_mu_swamp_cave, sprint_mu_snake_twists,
          sprint_mu_blade_basic, sprint_mu_crypt_chambers,
          sprint_mu_tomb_spiral, sprint_mu_vestibule_basic,
          sprint_mu_gehenna_hellfire, sprint_mu_dis_giant,
          sprint_mu_tartarus_statrot, sprint_mu_cocytus_islands, sprint_mu_zot1]

Skill      XL: |  1  2  3  4  5  6  7  8  9 |
---------------+----------------------------+-----
Long Blades    | 6 8 13 15 17 18 | 18.1
Fighting       | 5 6 9 10 11 13 | 13.4
Armour         | 4 6 9 11 12 13 | 13.1
Dodging        | |  2.1

Action                     |  1- 3 |  4- 6 |  7- 9 || total
---------------------------+-------+-------+-------++-------
  Melee: Falchion          |    21 |     5 |       ||    26
         Headbutt          |     4 |       |    13 ||    17
         Long sword        |       |     5 |    30 ||    35
         Great sword       |       |       |    40 ||    40
 Invoke: Berserk           |     2 |     2 |     6 ||    10
    Use: Potion            |       |       |     4 ||     4
         Scroll            |       |       |     2 ||     2
   Stab: Sleeping          |     1 |       |       ||     1
 Armour: Animal skin       |    12 |     8 |    41 ||    61
  Dodge: Dodged            |    12 |     4 |    37 ||    53

Table legend: (Time is in decaauts)
 A = Elapsed time spent in this place.
 B = Non-inter-level travel time spent in this place.
 C = Inter-level travel time spent in this place.
 D = Time resting spent in this place.
 E = Time spent auto-exploring this place.
 F = Levels seen in this place.
 G = Mean time per level.
                   A        B        C        D        E       F      G
               +--------+--------+--------+--------+--------+-----+--------+
         Total |   1301 |   1301 |      0 |   1006 |     71 |   1 | 1301.0 |
       Dungeon |   1301 |   1301 |      0 |   1006 |     71 |   1 | 1301.0 |
               +--------+--------+--------+--------+--------+-----+--------+

Top non-repeatable levels by time:
       D: 1301 daAuts
